Map: Abyssal Reef LE

Players

SamuraiFunn

  • Race: Protoss Protoss
  • Spawn Location: 11:00

A.I. 1 (Very Hard) - Winner!

  • Race: Protoss Protoss
  • Spawn Location: 5:00

VOD

Have the link to the VOD?

Description

Time

  • Played on: Nov. 23, 2017, 3:50 p.m.
  • Length: 2:46
Show
View Real Time Build Order
Export as new Build Order

SamuraiFunn Protoss 

Build Orders:  

Get SALT Encoding   

  12  0:00  Probe  
  13  0:13  Probe  
  14  0:23  Pylon  
  14  0:30  Probe  
  15  0:38  Assimilator  
  15  0:42  Probe (Chrono Boost)  
  17  0:53  Probe (Chrono Boost), Assimilator  
  17  0:56  Probe  
  18  1:12  Gateway  
  18  1:19  Probe  
  19  1:31  Probe  
  20  1:40  Pylon  
  20  1:43  Probe  
  21  1:55  Probe  
  22  2:01  Cybernetics Core  
  22  2:08  Probe  
  23  2:20  Probe  
  25  2:41  Nexus  
Show
View Real Time Build Order
Export as new Build Order

A.I. 1 (Very Hard) Protoss - Winner!

Build Orders:  

Get SALT Encoding   

  12  0:00  Probe  
  13  0:13  Probe  
  14  0:20  Pylon  
  14  0:25  Probe  
  15  0:38  Probe  
  16  0:48  Assimilator  
  16  0:50  Probe  
  16  0:51  Gateway  
  17  1:02  Probe, Pylon  
  18  1:14  Probe  
  19  1:26  Probe  
  20  1:37  Zealot, Assimilator  
  20  1:38  Probe  
  23  1:41  Cybernetics Core  
  23  1:51  Probe  
  24  2:03  Probe  
  24  2:04  Zealot  
  27  2:15  Probe  
  28  2:23  Twilight Council  
  28  2:25  Pylon  
  28  2:27  Probe  
  31  2:44  Gateway  
Tags
 
Matchup
PvP
Replay Pack
First 100 games
Spawn Locations
Cross Positions
Add a new tag
Caveats
  • Supply blocks, unpowered buildings, or Contaminate may cause inaccurate times.
  • Supply counts are checked every 10 seconds.